 Dungeon Crawl Stone Soup version 0.20-a0-869-gcf33cab (webtiles) character file.

14329 AlphabetPasta the Gouger (level 11, 0/79 HPs)
             Began as a Felid Berserker on Mar 13, 2017.
             Was the Champion of Trog.
             Slain by a meliai
             ... wielding a +0 war axe
              (7 damage)
             ... on level 12 of the Dungeon on Mar 14, 2017.
             The game lasted 00:54:42 (13396 turns).

AlphabetPasta the Gouger (Felid Berserker)         Turns: 13396, Time: 00:54:42

Health: 0/79       AC:  2    Str: 20    XL:     11   Next: 87%
Magic:  17/17      EV: 31    Int:  8    God:    Trog [******]
Gold:   263        SH:  0    Dex: 24    Spells: 10/10 levels left
                                        Lives:  0   Deaths: 3

rFire    . . .     SeeInvis +     - Unarmed
rCold    . . .     Gourm    .   (armour unavailable)
rNeg     . . .     Faith    .   (shield unavailable)
rPois    +         Spirit   .   (helmet unavailable)
rElec    .         Reflect  .   (cloak unavailable)
rCorr    .         Harm     .   (gloves unavailable)
MR       +....                  (boots unavailable)
Stlth    ..........             (no amulet)
Regen    0.3/turn               n - ring of poison resistance
MPRegen  0.2/turn               z - +6 ring of dexterity

@: berserking (expiring), very quick
A: no armour, no weapons or thrown items, stealth, claws 1, fangs 3, see
invisible, carnivore 3, speed 1, shaggy fur 2, slow metabolism 1, sharp paws
a: Berserk, Trog's Hand, Brothers in Arms, Burn Spellbooks, Renounce Religion


You were on level 12 of the Dungeon.
You worshipped Trog.
Trog was exalted by your worship.
You were full.

You visited 1 branch of the dungeon, and saw 12 of its levels.
You also visited: Ossuary.

You collected 713 gold pieces.
You spent 450 gold pieces at shops.

Inventory:

Jewellery
 e - an uncursed ring of stealth
 l - an uncursed ring of protection from cold
 n - a ring of poison resistance (right paw)
 v - an uncursed ring of flight
 z - a +6 ring of dexterity (left paw)
Wands
 b - a wand of random effects (32/48)
 f - a wand of lightning (1/15)
 o - a wand of scattershot (5/9)
 r - a wand of acid (7/15)
 t - a wand of iceblast (5/15)
 u - a wand of digging (19/24)
 w - a wand of polymorph (10/24)
 y - a wand of iceblast (8/15)
Scrolls
 g - 13 scrolls of remove curse
 j - 3 scrolls of blinking
 k - a scroll of identify
 p - a scroll of fear
Potions
 d - 3 potions of curing
 h - 2 potions of haste
 i - 2 potions of cancellation
 m - 5 potions of heal wounds
 q - 5 potions of agility
 s - a potion of flight
 x - 2 potions of berserk rage
Miscellaneous
 A - a sack of spiders
Comestibles
 a - 5 meat rations
 c - 14 royal jellies


   Skills:
 + Level 9.0 Fighting
 + Level 11.8 Dodging
 + Level 12.0 Stealth
 * Level 12.2 Unarmed Combat
 + Level 7.9 Evocations


You had 10 spell levels left.
You didn't know any spells.

Dungeon Overview and Level Annotations

Branches:
Dungeon (12/15)            Temple (0/1) D:4            Lair (0/6) D:9
    Orc (0/2) D:12

Altars:
Elyvilon
Kikubaaqudgha
Nemelex Xobeh
Ru
Vehumet
Wu Jian
Zin
The Shining One

Shops:
D:5 [   D:6 }   D:8 =   D:9 :*[*!


Innate Abilities, Weirdness & Mutations

You cannot wear armour.
You are incapable of wielding weapons or throwing items.
Your paws allow you to move quietly. (Stealth)
You have sharp claws.
You have razor-sharp teeth.
You have supernaturally acute eyesight. (SInv)
You are carnivorous and can eat meat at any time.
You cover ground quickly.
You are covered in thick fur. (AC +2)
You have a slow metabolism.
Your sharp claws are effective at attacking unaware monsters.


Message History

The meliai zombie completely misses you.
The meliai zombie hits you!
* * * LOW HITPOINT WARNING * * *
The meliai misses you. The meliai completely misses you. The meliai misses you.
The meliai completely misses you.
You scratch the meliai. Your claw misses the meliai. You bite the meliai.
You kill the meliai!
Trog accepts your kill.
Your skin stops crawling.
You feel less resistant to hostile enchantments.
The meliai zombie misses you. x2; The meliai barely misses you.
The meliai completely misses you.
The meliai zombie completely misses you. x2
You scratch the meliai but do no damage.
The meliai closely misses you. The meliai barely misses you.
The meliai zombie barely misses you. The meliai zombie misses you.
You claw the meliai!
The meliai is heavily wounded.
The meliai completely misses you. The meliai stings you!
You die...

##.............#
#...............
...............[
................
#..................
##................... #
##...........[Zy......
>##.........# #.@)......
............# #........%
#.......(...###.........
........................
............/...........
..................#.....#
.................###......
...(............## #.....
..###.....#......###......


You could see a meliai and a meliai zombie.

Vanquished Creatures
  Snorg (D:12)
  5 two-headed ogres
  A queen ant (D:9)
  2 ugly things (D:11)
  An elephant (D:9)
  2 gargoyles
  A kobold demonologist (D:11)
  2 meliai (D:12)
  3 hippogriffs
  14 yaks
  Grum (D:8)
  A wyvern (D:11)
  A basilisk (D:9)
  A vampire (D:12)
  2 hungry ghosts
  Edmund (D:6)
  An acid dragon (D:11)
  A water moccasin (D:5)
  4 soldier ants (D:9)
  Duvessa (D:5)
  A black bear (D:7)
  2 ice beasts
  4 phantoms
  5 sky beasts
  An eye of draining (D:9)
  2 necrophages
  8 ogres
  2 wolves (D:8)
  7 centaurs
  3 crocodiles
  4 big kobolds
  6 bullfrogs
  4 water moccasin zombies (Ossuary)
  Dowan (D:5)
  2 scorpions
  6 killer bees (D:10)
  4 wights (D:7)
  An electric eel (D:8)
  3 howler monkeys
  3 crimson imps
  2 bullfrog zombies
  9 hounds
  8 jellies
  6 orc priests
  2 centaur skeletons (D:11)
  6 iguanas
  8 orc wizards
  32 worker ants
  2 big kobold zombies (Ossuary)
  A hound skeleton (D:11)
  A howler monkey zombie (D:8)
  2 mummies (Ossuary)
  5 gnolls
  8 adders
  4 shadow imps
  8 oozes
  6 adder zombies (Ossuary)
  A worm (D:3)
  6 leopard geckos
  29 orcs
  3 ball pythons
  3 bats
  7 giant cockroaches
  5 goblins
  8 hobgoblins
  8 jackals
  4 quokkas
  6 frilled lizards
  2 gnoll zombies (Ossuary)
  11 hobgoblin zombies (Ossuary)
  A jackal skeleton (D:5)
  28 kobolds
  8 kobold zombies (Ossuary)
  A leopard gecko skeleton (D:8)
  2 orc zombies (Ossuary)
  A quokka skeleton (D:7)
  11 rats
370 creatures vanquished.

Vanquished Creatures (others)
  An acid dragon (D:11)
  A sky beast (D:11)
  A quokka skeleton (D:5)
  9 plants
12 creatures vanquished.

Grand Total: 382 creatures vanquished

Notes
Turn   | Place    | Note
-------+----------+-------------------------------------------
     0 | D:1      | AlphabetPasta the Felid Berserker began the quest for the Orb.
     0 | D:1      | Reached XP level 1. HP: 10/10 MP: 2/2
    34 | D:1      | Reached skill level 1 in Stealth
    34 | D:1      | Reached XP level 2. HP: 11/14 MP: 3/3
   615 | D:1      | Reached ** piety under Trog
   615 | D:1      | Reached XP level 3. HP: 7/17 MP: 4/4
  1358 | D:2      | Found a glowing silver altar of Zin.
  1378 | D:2      | Reached XP level 4. HP: 21/21 MP: 5/5
  1686 | D:2      | Reached skill level 5 in Dodging
  1686 | D:2      | Reached XP level 5. HP: 16/25 MP: 6/6
  1876 | D:2      | Killed from afar by an orc priest
  1877 | D:2      | Reached XP level 4. HP: -6/22 MP: 5/5
  1971 | D:3      | Reached XP level 5. HP: 25/25 MP: 6/6
  2249 | D:3      | Reached *** piety under Trog
  2545 | D:4      | Found a staircase to the Ecumenical Temple.
  2598 | D:4      | Found a sand-covered staircase.
  2601 | Ossuary  | Entered an ossuary
  2978 | Ossuary  | Reached skill level 5 in Unarmed Combat
  2978 | Ossuary  | Gained mutation: You are covered in thick fur. (AC +2) [Felid growth]
  2978 | Ossuary  | Reached XP level 6. HP: 22/28 MP: 7/7
  3349 | Ossuary  | Reached **** piety under Trog
  3577 | D:4      | Noticed a sky beast
  3584 | D:4      | Killed a sky beast
  3584 | D:4      | Reached XP level 7. HP: 33/33 MP: 8/8
  3709 | D:4      | Reached skill level 5 in Stealth
  4244 | D:5      | Entered Level 5 of the Dungeon
  4321 | D:5      | Reached skill level 5 in Fighting
  4413 | D:5      | Noticed Dowan
  4416 | D:5      | Noticed Duvessa
  4424 | D:5      | Killed Duvessa
  4424 | D:5      | Reached XP level 8. HP: 32/37 MP: 9/9
  4429 | D:5      | Killed Dowan
  4510 | D:5      | Reached skill level 1 in Evocations
  4534 | D:5      | Slain by a centaur
  4535 | D:5      | Reached XP level 7. HP: -2/33 MP: 8/8
  5905 | D:5      | Found Ethe's Armour Boutique.
  6162 | D:6      | Noticed Edmund
  6180 | D:6      | Killed Edmund
  6180 | D:6      | Reached XP level 8. HP: 26/37 MP: 10/10
  6370 | D:6      | Found Sotiffoh's Gadget Emporium.
  6391 | D:6      | Bought a wand of acid (8/15) for 288 gold pieces
  6452 | D:6      | Found a glowing golden altar of the Shining One.
  7041 | D:7      | Noticed a hippogriff
  7045 | D:7      | Killed a hippogriff
  7386 | D:7      | Reached XP level 9. HP: 41/41 MP: 12/12
  7873 | D:8      | Reached ***** piety under Trog
  8215 | D:8      | Noticed a two-headed ogre
  8231 | D:8      | Killed a two-headed ogre
  8557 | D:8      | Noticed Grum
  8561 | D:8      | Reached XP level 10. HP: 45/46 MP: 14/14
  8583 | D:8      | Killed Grum
  8609 | D:8      | Noticed a two-headed ogre
  8692 | D:8      | Killed a two-headed ogre
  8692 | D:8      | Reached skill level 10 in Unarmed Combat
  8692 | D:8      | Reached skill level 5 in Evocations
  8784 | D:8      | Found Tisch's Jewellery Shoppe.
  8972 | D:8      | Found a white marble altar of Elyvilon.
  8972 | D:8      | Found a sparkling altar of Nemelex Xobeh.
  8972 | D:8      | Found a sacrificial altar of Ru.
  8975 | D:8      | Found an ancient bone altar of Kikubaaqudgha.
  8979 | D:8      | Found a radiant altar of Vehumet.
  9496 | D:9      | Found Seon's Antique Armour Boutique.
  9510 | D:9      | Found Ucesat's Assorted Antiques.
  9516 | D:9      | Noticed a two-headed ogre
  9529 | D:9      | Killed a two-headed ogre
  9529 | D:9      | Reached skill level 10 in Dodging
  9529 | D:9      | Reached skill level 10 in Stealth
  9606 | D:9      | Bought a scroll labeled WOCUL CEM TEOM for 27 gold pieces
  9606 | D:9      | Bought a scroll of identify for 54 gold pieces
  9662 | D:9      | Noticed a queen ant
  9680 | D:9      | HP: 1/70 [poisoned by a queen ant]
  9680 | D:9      | Slain by a queen ant
  9681 | D:9      | Reached XP level 9. HP: -1/64 MP: 14/14
  9692 | D:9      | Found Iziuwum's Assorted Antiques.
  9695 | D:9      | Bought a golden potion for 25 gold pieces
  9695 | D:9      | Bought a scroll of identify for 56 gold pieces
  9796 | D:9      | Noticed an elephant
  9799 | D:9      | Reached XP level 10. HP: 31/48 MP: 15/15
  9808 | D:9      | Killed an elephant
 10109 | D:9      | Found a staircase to the Lair.
 10647 | D:9      | Killed a queen ant
 10996 | D:9      | Found Lusoy's Book Boutique.
 11139 | D:9      | Found Deaso's Distillery.
 11229 | D:10     | Entered Level 10 of the Dungeon
 11459 | D:10     | Found a sparkling altar of Nemelex Xobeh.
 11759 | D:10     | Reached ****** piety under Trog
 12072 | D:10     | Reached XP level 11. HP: 39/51 MP: 17/17
 12304 | D:11     | Noticed a two-headed ogre
 12307 | D:11     | Killed a two-headed ogre
 12330 | D:11     | Noticed a white ugly thing
 12332 | D:11     | Noticed a cyan ugly thing
 12338 | D:11     | Killed a white ugly thing
 12347 | D:11     | Killed a cyan ugly thing
 12917 | D:11     | Found an ornate altar of the Wu Jian Council.
 13090 | D:12     | Noticed a two-headed ogre
 13102 | D:12     | Killed a two-headed ogre
 13360 | D:12     | Found a staircase to the Orcish Mines.
 13377 | D:12     | Noticed Snorg
 13389 | D:12     | Killed Snorg
 13396 | D:12     | Slain by a meliai

Vault maps used:
D:1:      lightli_arrival_noodles
D:2:      lemuel_crystal_altar, cheibrodos_gnoll_hut
D:4:      temple_doors_e, lightli_ossuary_entry_decrepit_ruins,
          grunt_ministairs_14
D:5:      first_bread, serial_shops, kennysheep_little_box, uniq_duvessa
D:6:      serial_shops, nicolae_shop_competitors_out_of_business, tso_altar,
          uniq_edmund
D:8:      minitemple, serial_shops, shop, hangedman_little_slice_of_home,
          serial_bayou_ford_a, uniq_grum
D:9:      david_lair_generic, serial_shops, kennysheep_mini, shop, shop,
          nicolae_shop_behind_doors, shop, zaba_antful_of_joy
D:10:     basic_altar
D:11:     basic_altar, minivault_25, grunt_decor_one_mirror,
          lemuel_another_geyser
D:12:     orc_0_dummy, hangedman_abyss_or_decor_passed, uniq_snorg
Ossuary:  ossuary_tomb_2

Skill      XL: |  1  2  3  4  5  6  7  8  9 10 11 |
---------------+----------------------------------+-----
Stealth        | 1 2 3 4 6 7 9 10 12 | 12.0
Dodging        | 5 6 8 9 11 | 11.8
Unarmed Combat | 4 5 6 8 9 11 12 | 12.2
Fighting       | 4 5 6 8 9 |  9.0
Evocations     | 2 3 6 5 7 |  7.9

Action                   |  1- 3 |  4- 6 |  7- 9 | 10-12 || total
-------------------------+-------+-------+-------+-------++-------
Melee: Unarmed           |   107 |   179 |   281 |   522 ||  1089
       Bite              |     7 |    20 |    34 |    65 ||   126
       Punch             |     1 |     3 |     8 |    25 ||    37
Invok: Berserk           |     2 |     4 |    11 |    12 ||    29
       Trog's Hand       |       |       |     1 |     1 ||     2
       Burn Spellbooks   |       |       |       |     1 ||     1
Evoke: Wand              |       |       |     6 |     1 ||     7
  Use: Scroll            |     4 |     5 |    11 |     7 ||    27
       Potion            |       |     2 |     1 |     2 ||     5
 Stab: Sleeping          |    13 |    19 |    21 |    19 ||    72
       Distracted        |       |       |     3 |     7 ||    10
  Eat: Chunk             |    10 |    11 |    34 |    23 ||    78
       Royal jelly       |       |       |       |     1 ||     1
Armor: Skin              |     5 |     5 |     6 |     5 ||    21
Dodge: Dodged            |    64 |   154 |   217 |   415 ||   850
